 Dungeon Crawl Stone Soup version 0.23-a0-448-g1c01f63 (webtiles) character file.

84 Cryolive the Digger (level 4, -3/25 HPs)
             Began as a Gargoyle Earth Elementalist on Nov 19, 2018.
             Killed from afar by Sigmund (7 damage)
             ... with a puff of flame
             ... on level 2 of the Dungeon.
             The game lasted 00:06:22 (1783 turns).

Cryolive the Digger (Gargoyle Earth Elementalist)   Turns: 1783, Time: 00:06:23

Health: -3/25      AC:  5    Str: 11    XL:     4   Next: 46%
Magic:  1/7        EV: 12    Int: 17    God:
Gold:   159        SH:  0    Dex: 10    Spells: 4/8 levels left

rFire    . . .     SeeInvis .   k - +0 whip
rCold    . . .     Gourm    .   (no shield)
rNeg     + . .     Faith    .   c - +0 robe
rPois    ∞         Spirit   .   (no helmet)
rElec    +         Reflect  .   (no cloak)
rCorr    .         Harm     .   (no gloves)
MR       .....                  (no boots)
Stlth    ++........             (no amulet)
HPRegen  0.08/turn              (no ring)
MPRegen  0.10/turn              (no ring)

@: no status effects
A: negative energy resistance 1, electricity resistance, unbreathing,
petrification resistance, rot immunity, AC +3
a: no special abilities


You were on level 2 of the Dungeon.
You were not hungry.

You visited 1 branch of the dungeon, and saw 2 of its levels.

You collected 159 gold pieces.

Inventory:

Hand Weapons
 k - a +0 whip (weapon)
Missiles
 b - 60 stones (quivered)
Armour
 c - a +0 robe (worn)
Wands
 l - a wand of iceblast (5)
Scrolls
 a - 2 scrolls of identify {unknown}
 e - 2 scrolls of remove curse {unknown}
 h - a scroll of amnesia {unknown}
 j - 2 scrolls of noise {unknown}
 m - a scroll of fear {unknown}
 n - a scroll of teleportation {unknown}
 p - a scroll of random uselessness {unknown}
Potions
 f - a potion of cancellation {unknown}
 g - a potion of curing {unknown}
 i - a potion of brilliance {unknown}
Comestibles
 d - 7 rations
 o - a chunk of flesh


   Skills:
 + Level 1.4 Fighting
 + Level 1.4 Armour
 + Level 2.1 Dodging
 - Level 2.1 Stealth
 + Level 2.5 Spellcasting
 + Level 0.6 Conjurations
   Level 0.7 Transmutations
 + Level 4.2 Earth Magic
 + Level 0.3 Evocations


You had 4 spell levels left.
You knew the following spells:

 Your Spells              Type           Power        Failure   Level  Hunger
a - Sandblast             Erth           ###...       3%          1    #......
b - Stone Arrow           Conj/Erth      ##....       21%         3    ###....

Your spell library contained the following spells:

 Spells                   Type           Power        Failure   Level  Hunger
 Passwall                 Tmut/Erth      ##......     10%         2    ##.....
 Petrify                  Tmut/Erth      ##......     54%         4    #####..
 Lee's Rapid Deconstruct  Erth           ###.......   65%         5    ######.


Dungeon Overview and Level Annotations

Branches:
Dungeon (2/15)

Altars:
Sif Muna

Annotations:
D:2 Sigmund


Innate Abilities, Weirdness & Mutations

You are resistant to torment.
Your stone body is resilient. (AC +3)
You are immune to poison.
You resist negative energy. (rN+)
You are resistant to electric shocks. (rElec)
You can survive without breathing.
You are immune to petrification.
You are immune to rotting.


Message History

You bump into the rock wall.
Sigmund gestures at you while chanting.
You are more confused.
Sigmund closely misses you. Sigmund hits you with a +0 scythe!
You barely miss Sigmund.
Sigmund is moderately wounded.
Sigmund closely misses you.
You're too confused to move!
Sigmund misses you.
You're too confused to move!
Sigmund casts a spell at you. The puff of flame hits you!
* * * LOW HITPOINT WARNING * * *
You bump into the rock wall.
Sigmund hits you with a +0 scythe.
* * * LOW HITPOINT WARNING * * *
You feel less confused.
Sigmund says, "Don't worry, I'll kill you fast."
Sigmund casts a spell at you. The puff of flame hits you!
You die...

#.# #..#.##.#.# #.# #
#.#####..#.##.#.######.###
###
##........#.##............#
#..
.......>..).))...######...#
#÷. ########.##)####.# ##..#
#.. #...##)# #..# #..#####..
#.####.# #..#######.........
#.####.# #...........####...
##.#....# #.@.######.#####.#.
#....#### #..@# #.# #...#.
#..### #...######.###.####
#..# #..........÷.....#.
#..########...######.#####†#.
#....)........## #.# #...
#.########.....# #.######.#
#.# ####.....# #........# #.#
#........##############


You could see Sigmund.

Vanquished Creatures
  4 adders (D:2)
  A worm (D:2)
  A dart slug (D:2)
  A leopard gecko (D:1)
  4 bats
  2 giant cockroaches (D:1)
  8 goblins
  6 hobgoblins
  A quokka (D:2)
  A ball python (D:2)
  2 frilled lizards (D:1)
  6 kobolds
  4 rats
41 creatures vanquished.

Notes
Turn   | Place    | Note
-------+----------+-------------------------------------------
     0 | D:1      | Cryolive the Gargoyle Earth Elementalist began the quest
                  | for the Orb.
     0 | D:1      | Reached XP level 1. HP: 10/10 MP: 3/3
   194 | D:1      | Reached XP level 2. HP: 10/16 MP: 5/5
   810 | D:2      | Reached skill level 1 in Fighting
   810 | D:2      | Reached skill level 1 in Armour
   843 | D:2      | Reached skill level 4 in Earth Magic
   843 | D:2      | Reached XP level 3. HP: 8/20 MP: 4/6
   850 | D:2      | Learned a level 3 spell: Stone Arrow
   982 | D:2      | Found a deep blue altar of Sif Muna.
  1085 | D:2      | Reached XP level 4. HP: 3/25 MP: 4/7
  1752 | D:2      | Noticed Sigmund
  1783 | D:2      | Killed from afar by Sigmund

Vault maps used:
D:1:      scummos_arrival_checkerplants
D:2:      led_sif_pool, uniq_sigmund

Skill      XL: |  1  2  3 |
---------------+----------+-----
Fighting       | 1 |  1.4
Armour         | 1 |  1.4
Earth Magic    | 4 |  4.2
Dodging        | 2 |  2.1
Stealth        | |  2.1
Spellcasting   | |  2.5
Conjurations   | |  0.6
Transmutations | |  0.7
Evocations     | |  0.3

Action                   |  1- 3 |  4- 6 || total
-------------------------+-------+-------++-------
Melee: Unarmed           |    34 |       ||    34
       Club              |    15 |       ||    15
       Whip              |    54 |    51 ||   105
 Cast: Sandblast         |     7 |    10 ||    17
       Stone Arrow       |       |     1 ||     1
 Stab: Sleeping          |     5 |       ||     5
  Eat: Chunk             |     1 |     2 ||     3
Armor: Robe              |    33 |    16 ||    49
Dodge: Dodged            |    80 |    44 ||   124

Table legend:
 A = Non-vault XP
 B = Vault XP
 C = Vault XP percentage of total XP
 D = Non-vault monster count
 E = Vault monster count
 F = Vault count percentage of total count
                 A         B        C        D         E       F
            +---------+---------+-------+---------+---------+-------
      Total |     121 |       0 |   0.0 |      41 |       0 |   0.0
            +---------+---------+-------+---------+---------+-------
        D:1 |      27 |       0 |   0.0 |      16 |       0 |   0.0
        D:2 |      94 |       0 |   0.0 |      25 |       0 |   0.0
            +---------+---------+-------+---------+---------+-------
